 Seeded DCSS version 0.31-a0-538-gbc85326fa9 (webtiles) character file.

Game seed: 3826825538972431165 (custom seed)

132 innerfire43 the Insei (level 5, -1/40 HPs)
             Began as a Gnoll Shapeshifter on Aug 13, 2023.
             Slain by a gnoll
             ... wielding a +0 whip
              (7 damage)
             ... on level 3 of the Dungeon.
             The game lasted 00:02:45 (1682 turns).

innerfire43 the Insei (Gnoll Shapeshifter)          Turns: 1682, Time: 00:02:45

Health: -1/40      AC: 11    Str: 14    XL:     5   Next: 15%
Magic:  7/7        EV:  5    Int:  7    God:
Gold:   234        SH:  0    Dex: 15    Spells: 6/6 levels left

rFire   . .          .
                       - Unarmed
rCold   . . .        (shield currently unavailable)
rNeg    . . .        r - +1 plate armour
rPois   .            (no helmet)
rElec   .            (no cloak)
rCorr   .            (no gloves)
SInv    .            (no boots)
Will    .....        (no amulet) Stlth
                     (no ring)
HPRegen 0.26/turn    (no ring)
MPRegen 0.10/turn

%: no passive effects
@: flux-form, glowing
A: glow, contaminating, fangs 1, strong nose, distributed training
a: Begin Untransformation


You were on level 3 of the Dungeon.
You were something dangerously unstable.
You visited 1 branch of the dungeon, and saw 3 of its levels.

You collected 234 gold pieces.

Inventory:

Hand Weapons
 e - the +9 sword of Power {lifebolt}
   (You acquired it on level 3 of the Dungeon)
Armour
 a - a +0 animal skin
 r - a +1 plate armour (worn)
Jewellery
 q - a ring of protection from cold
Talismans
 c - a beast talisman
 d - a flux talisman (active)
Scrolls
 f - a scroll of vulnerability
 j - a scroll of identify
 k - 3 scrolls of noise
Potions
 i - 2 potions of mutation {unknown}
 l - a potion of enlightenment {unknown}
 m - 2 potions of curing {unknown}
 p - a potion of brilliance {unknown}
 s - a potion of invisibility {unknown}


   Skills:
 + Level 2.9 Fighting
 + Level 1.4 Short Blades
 + Level 1.4 Long Blades
 + Level 1.4 Axes
 + Level 1.4 Maces & Flails
 + Level 1.4 Polearms
 + Level 1.4 Staves
 + Level 1.4 Ranged Weapons
 + Level 1.4 Throwing
 + Level 1.4 Armour
 + Level 4.7 Dodging
 + Level 1.4 Stealth
 + Level 1.4 Shields
 + Level 6.6 Unarmed Combat
 + Level 1.4 Spellcasting
 + Level 1.1 Conjurations
 + Level 1.1 Hexes
 + Level 1.1 Summonings
 + Level 1.1 Necromancy
 + Level 1.1 Translocations
 + Level 1.1 Transmutations
 + Level 1.1 Fire Magic
 + Level 1.1 Ice Magic
 + Level 1.1 Air Magic
 + Level 1.1 Earth Magic
 + Level 1.1 Poison Magic
 + Level 1.5 Invocations
 + Level 1.4 Evocations
 + Level 6.6 Shapeshifting


You had 6 spell levels left.
You didn't know any spells.
Your spell library was empty.

Dungeon Overview and Level Annotations

Branches:
Dungeon (3/15)

Altars:


Innate Abilities, Weirdness & Mutations

You are something dangerously unstable.
You glow with magical radiation, making you easy to see and hit.
Foes you strike become dangerously contaminated with magical radiation.
You are incapable of wielding weapons or throwing items.
You have very sharp teeth.
Your uncanny sense of smell can sniff out nearby items.
Your experience applies equally to all skills.


Message History

As you read the scroll labelled QOITEI TUPT, it crumbles to dust.
It is a scroll of amnesia.
You feel forgetful for a moment. The gnoll hits you but does no damage.
As you read the scroll labelled YDEX ANAPPA, it crumbles to dust.
Magic quickly surges around you.
It was a scroll of vulnerability.
The gnoll stops glowing.
The gnoll barely misses you.
As you read the scroll labelled AMULOS MEASH, it crumbles to dust.
Your body is wracked with pain!
The gnoll convulses! x4
The hobgoblin convulses!
It was a scroll of torment.
The gnoll hits you but does no damage.
As you read the scroll labelled HEUQ LILAS, it crumbles to dust.
It is a scroll of enchant armour.
Your +0 plate armour glows green for a moment.
The gnoll hits you but does no damage. The gnoll attacks as you move away!
The gnoll hits you with a +0 club.
You hit the gnoll.
The gnoll begins to glow.
The gnoll is severely wounded.
The gnoll barely misses you.
You hit the gnoll.
You kill the gnoll!
You barely miss the gnoll.
The gnoll is moderately wounded.
The gnoll hits you but does no damage.
You hit the gnoll.
The gnoll begins to glow.
The gnoll is heavily wounded.
The gnoll barely misses you.
You hit the gnoll.
The gnoll glows dangerously bright.
The gnoll is heavily wounded.
The gnoll hits you with a +0 club. The gnoll hits you with a +0 whip!
* * * LOW HITPOINT WARNING * * *
Unknown command.
The gnoll attacks as you move away! The gnoll hits you with a +0 whip.
* * * LOW HITPOINT WARNING * * *
The gnoll attacks as you move away! The gnoll hits you but does no damage.
It was a potion of cancellation.
Your magical effects are unravelling.
You feel magically purged.
You feel your willpower return. The gnoll hits you but does no damage.
The gnoll hits you with a +0 whip!
You die...

#....#......##.#
####.#.####....#
#.#.# ###### #.#.#
# #.#.#### #.
#......# #.#######
#..###.#
#.......#####....#
###..)..ggB.†....#
#.###g.g......##
#.#....########
.g#....# ...'....#
....#....#
.....###+##
##....# #....#


You could see 3 gnolls and a hobgoblin.

Vanquished Creatures
  Jessica (D:2)
  Robin (D:2)
  3 adders (D:2)
  A gnoll (D:3)
  A dart slug (D:1)
  4 bats
  6 endoplasms
  3 giant cockroaches (D:1)
  11 goblins
  5 hobgoblins
  2 jackals (D:2)
  3 kobolds
  A quokka (D:2)
  3 ball pythons
  A frilled lizard (D:1)
  4 rats (D:1)
50 creatures vanquished.

Notes
Turn   | Place    | Note
-------+----------+-------------------------------------------
     0 | D:1      | innerfire43 the Gnoll Shapeshifter began the quest for the
                  | Orb.
     0 | D:1      | Reached XP level 1. HP: 17/17 MP: 1/1
   202 | D:1      | Reached XP level 2. HP: 8/23 MP: 2/2
   203 | D:1      | HP: 1/23 [dart slug (3)]
   525 | D:1      | Reached XP level 3. HP: 28/28 MP: 3/3
   720 | D:2      | Noticed Jessica
   726 | D:2      | Killed Jessica
   727 | D:2      | Reached skill level 1 in Short Blades
   727 | D:2      | Reached skill level 1 in Long Blades
   727 | D:2      | Reached skill level 1 in Axes
   727 | D:2      | Reached skill level 1 in Maces & Flails
   727 | D:2      | Reached skill level 1 in Polearms
   727 | D:2      | Reached skill level 1 in Staves
   727 | D:2      | Reached skill level 1 in Ranged Weapons
   727 | D:2      | Reached skill level 1 in Throwing
   727 | D:2      | Reached skill level 1 in Armour
   727 | D:2      | Reached skill level 1 in Stealth
   727 | D:2      | Reached skill level 1 in Shields
   727 | D:2      | Reached skill level 1 in Spellcasting
   727 | D:2      | Reached skill level 1 in Invocations
   727 | D:2      | Reached skill level 1 in Evocations
   903 | D:2      | Reached XP level 4. HP: 33/34 MP: 5/5
  1107 | D:2      | Reached skill level 1 in Conjurations
  1107 | D:2      | Reached skill level 1 in Hexes
  1107 | D:2      | Reached skill level 1 in Summonings
  1107 | D:2      | Reached skill level 1 in Necromancy
  1107 | D:2      | Reached skill level 1 in Translocations
  1107 | D:2      | Reached skill level 1 in Transmutations
  1107 | D:2      | Reached skill level 1 in Fire Magic
  1107 | D:2      | Reached skill level 1 in Ice Magic
  1107 | D:2      | Reached skill level 1 in Air Magic
  1107 | D:2      | Reached skill level 1 in Earth Magic
  1107 | D:2      | Reached skill level 1 in Poison Magic
  1125 | D:2      | Noticed Robin
  1173 | D:2      | Killed Robin
  1363 | D:2      | Reached XP level 5. HP: 40/40 MP: 5/7
  1662 | D:3      | Identified a scroll of acquirement
  1662 | D:3      | Acquired the +9 sword of Power {lifebolt}
  1662 | D:3      | Found the +9 sword of Power {lifebolt}
  1682 | D:3      | Slain by a gnoll

Illustrated notes

Levels and vault maps discovered:
D:1:      roderic_crop_circles_arrival_large, layout_basic
D:2:      layout_basic, minmay_distorted, uniq_robin, uniq_jessica
D:3:      layout_basic, minivault_24, minmay_box_of_dots

Skill      XL: |  1  2  3  4 |
---------------+-------------+-----
Short Blades   | 1 |  1.4
Long Blades    | 1 |  1.4
Axes           | 1 |  1.4
Maces & Flails | 1 |  1.4
Polearms       | 1 |  1.4
Staves         | 1 |  1.4
Ranged Weapons | 1 |  1.4
Throwing       | 1 |  1.4
Armour         | 1 |  1.4
Stealth        | 1 |  1.4
Shields        | 1 |  1.4
Spellcasting   | 1 |  1.4
Invocations    | 1 |  1.5
Evocations     | 1 |  1.4
Conjurations   | 1 |  1.1
Hexes          | 1 |  1.1
Summonings     | 1 |  1.1
Necromancy     | 1 |  1.1
Translocations | 1 |  1.1
Transmutations | 1 |  1.1
Fire Magic     | 1 |  1.1
Ice Magic      | 1 |  1.1
Air Magic      | 1 |  1.1
Earth Magic    | 1 |  1.1
Poison Magic   | 1 |  1.1
Fighting       | |  2.9
Dodging        | |  4.7
Unarmed Combat | |  6.6
Shapeshifting  | |  6.6

Action                     |  1- 3 |  4- 6 || total
---------------------------+-------+-------++-------
  Melee: Unarmed           |    69 |    73 ||   142
         Bite              |     5 |     8 ||    13
    Use: Potion            |       |     2 ||     2
         Scroll            |       |     7 ||     7
   Stab: Sleeping          |       |     1 ||     1
 Armour: Animal skin       |    10 |     7 ||    17
         Skin              |       |     8 ||     8
         Plate armour      |       |    13 ||    13
  Dodge: Dodged            |    30 |    33 ||    63
   Form: Flux              |     1 |       ||     1

Table legend: (Time is in decaauts)
 A = Elapsed time spent in this place.
 B = Non-inter-level travel time spent in this place.
 C = Inter-level travel time spent in this place.
 D = Time resting spent in this place.
 E = Time spent auto-exploring this place.
 F = Levels seen in this place.
 G = Mean time per level.
                   A        B        C        D        E       F      G
               +--------+--------+--------+--------+--------+-----+--------+
         Total |   1664 |   1597 |     67 |      0 |   1242 |   3 |  554.7 |
       Dungeon |   1664 |   1597 |     67 |      0 |   1242 |   3 |  554.7 |
               +--------+--------+--------+--------+--------+-----+--------+

Top non-repeatable levels by time:
     D:2: 839 daAuts
     D:1: 713 daAuts
     D:3: 112 daAuts
